 Dungeon Crawl Stone Soup version 0.27-a0-597-g524d869a0f (webtiles) character file.

Game seed: 1649079400353075376

27363 dolemite99 the Fighter (level 13, -1/108 HPs)
             Began as a Demonspawn Gladiator on Mar 12, 2021.
             Was a Priest of Makhleb.
             Slain by a torpor snail (13 damage)
             ... on level 5 of the Lair of Beasts.
             The game lasted 00:21:39 (26454 turns).

dolemite99 the Fighter (Demonspawn Gladiator)      Turns: 26454, Time: 00:21:40

Health: -1/108     AC: 34    Str: 18    XL:     13   Next: 4%
Magic:  20/20      EV:  8    Int: 11    God:    Makhleb [***...]
Gold:   576        SH:  0    Dex: 21    Spells: 12/12 levels left

rFire    . . .     SeeInvis .   a - +2 quarterstaff
rCold    . . .     Faith    .   (shield currently unavailable)
rNeg     . . .     Spirit   .   e - +0 plate armour
rPois    .         Reflect  .   c - +1 helmet
rElec    .         Harm     .   h - +0 cloak
rCorr    .         Rampage  .   (gloves unavailable)
Will     .....                  r - +1 pair of boots
Stlth    ..........             (no amulet)
HPRegen  0.28/turn              g - +4 ring of protection {=R}
MPRegen  0.17/turn              y - +6 ring of dexterity

@: sanguine armoured, slowed, very slow
A: claws 3, ignite blood 2, spiny 1, sanguine armour 2
a: Renounce Religion, Minor Destruction, Lesser Servant of Makhleb


You were on level 5 of the Lair of Beasts.
You worshipped Makhleb.
Makhleb was most pleased with you.
You visited 2 branches of the dungeon, and saw 15 of its levels.

You collected 829 gold pieces.
You spent 253 gold pieces at shops.

Inventory:

Hand Weapons
 a - a +2 quarterstaff (weapon)
 b - a +0 shortbow
 s - a +0 halberd
 K - a +0 halberd of draining
Missiles
 d - 4 throwing nets
 i - 193 arrows
 j - 162 sling bullets
 m - 572 stones
 q - 41 poisoned darts
 t - 19 boomerangs (quivered)
Armour
 c - a +1 helmet (worn)
 e - a +0 plate armour (worn)
 h - a +0 cloak (worn)
 n - a scarf of invisibility
 p - a +0 pair of gloves
 r - a +1 pair of boots (worn)
 N - +0 swamp dragon scales
 T - the +5 ring mail "Zuciwkie" {+Inv rPois rF- Will++}
   (You found it on level 4 of the Lair of Beasts)

   It makes you vulnerable to fire.
   It protects you from poison.
   It affects your willpower, your defense against some magical effects.
   It lets you turn invisible.
Magical Staves
 A - a staff of cold
Jewellery
 g - a +4 ring of protection (right claw) {=R}
 y - a +6 ring of dexterity (left claw)
 E - a ring of resist corrosion
 R - a ring of protection from fire
Wands
 f - a wand of digging (11)
 F - a wand of mindburst (10)
 M - a wand of polymorph (10)
 S - a wand of flame (42)
 Z - a wand of random effects (19)
Scrolls
 k - 5 scrolls of noise
 o - a scroll of amnesia
 u - 2 scrolls of blinking
 v - 3 scrolls of magic mapping
 w - a scroll of identify {@r1}
 Q - 2 scrolls of fog
 V - a scroll of fear
 W - a scroll of teleportation
Potions
 l - 2 potions of degeneration
 z - 3 potions of flight
 B - a potion of haste
 C - a potion of mutation
 D - 2 potions of invisibility
 H - 2 potions of might
 I - 2 potions of heal wounds
 J - 3 potions of brilliance
 O - 2 potions of attraction
 P - 2 potions of magic
 X - a potion of lignification
 Y - a potion of berserk rage
Miscellaneous
 U - a box of beasts


   Skills:
 - Level 12.0 Fighting
 - Level 11.0 Staves
 + Level 2.3 Bows
 - Level 1.7 Throwing
 - Level 10.6 Armour
 + Level 3.7 Dodging
 - Level 10.6 Invocations


You had 12 spell levels left.
You didn't know any spells.
Your spell library contained the following spells:

 Spells                   Type           Power      Damage    Failure   Level
 Foxfire                  Conj/Fire      0%         2x1d4     100%        1
 Confusing Touch          Hex            0%         N/A       100%        3
 Conjure Flame            Conj/Fire      0%         6-21      100%        3
 Gell's Gravitas          Tloc           0%         N/A       100%        3
 Inner Flame              Hex/Fire       0%         N/A       100%        3
 Ice Form                 Ice/Tmut       0%         N/A       100%        4
 Petrify                  Tmut/Erth      0%         N/A       100%        4
 Sticky Flame             Conj/Fire      0%         2d3       100%        4
 Fireball                 Conj/Fire      0%         3d3       100%        5
 Metabolic Englaciation   Hex/Ice        0%         N/A       100%        5
 Yara's Violent Unravell  Hex/Tmut       0%         3d3       100%        5
 Freezing Cloud           Conj/Ice/Air   0%         6-21      100%        6
 Simulacrum               Ice/Necr       0%         N/A       100%        6
 Ozocubu's Refrigeration  Ice            0%         4d5       100%        7


Dungeon Overview and Level Annotations

Branches:
Dungeon (9/15)             Temple (0/1) D:5            Lair (6/6) D:8
  Swamp (0/4) Lair:2       Spider (0/4) Lair:2        Slime (0/5) Lair:5
    Orc: D:9-12

Altars:
Hepliaklqana
Makhleb
Nemelex Xobeh
Okawaru
Ru
Sif Muna
Trog
Vehumet
Zin
Jiyva

Shops:
D:7 !   D:8 [

Annotations:
D:8 2 transporters
Lair:1 1 runed translucent door


Innate Abilities, Weirdness & Mutations

You have claws for hands.
Your demonic aura often causes spilled blood to erupt in flames You are partially covered in sharp spines.
When seriously injured, your bleeding wounds create thick armour. (AC +9)


Message History

You hit the torpor snail.
The torpor snail is heavily wounded.
The yak is struck by your spines. The yak barely misses you.
The elephant tramples you but does no damage.
The elephant trunk-slaps you but does no damage.
The torpor snail is struck by your spines.
The torpor snail closely misses you. The yak is struck by your spines.
The yak gores you but does no damage.
You hit the torpor snail but do no damage.
The torpor snail is severely wounded.
The yak gores you. The elephant closely misses you.
The elephant completely misses you. The yak is struck by your spines.
The yak gores you!
* * * LOW HITPOINT WARNING * * *
The torpor snail is struck by your spines.
The torpor snail bites you but does no damage.
You hit the torpor snail but do no damage.
The torpor snail is severely wounded.
The yak barely misses you. The elephant barely misses you.
The elephant trunk-slaps you but does no damage.
The yak is struck by your spines. The yak barely misses you.
The yak is struck by your spines. The yak completely misses you.
You hit the torpor snail.
The torpor snail is severely wounded.
The elephant tramples you but does no damage.
The elephant trunk-slaps you but does no damage.
The yak is struck by your spines. The yak gores you but does no damage.
The torpor snail bites you but does no damage.
The yak gores you!
* * * LOW HITPOINT WARNING * * *
The elephant is struck by your spines. The elephant closely misses you.
The elephant trunk-slaps you but does no damage.
Your plate armour prevents you from hitting the elephant.
The elephant is moderately wounded.
The yak gores you.
* * * LOW HITPOINT WARNING * * *
The yak is struck by your spines. The yak gores you!
* * * LOW HITPOINT WARNING * * *
The torpor snail bites you!
You die...

### ## #######.####
.###...##.#.#.####
...............w@##
..............÷YYY#
..............>..P#
..............÷...#
.................##
..................#
...<.............##
..................#
..#.######..#....##


You could see an elephant, a torpor snail and 2 yaks.

Vanquished Creatures
  8 hydras
  Harold (D:7)
  A boulder beetle (Lair:5)
  A catoblepas (Lair:5)
  A swamp dragon (Lair:2)
  A wolf spider (Lair:2)
  3 elephants (Lair:4)
  2 black mambas
  3 cane toads
  Maggie (D:7)
  8 komodo dragons
  Prince Ribbit (D:7)
  5 dream sheep (Lair:4)
  Grinder (D:5)
  3 wyverns
  2 basilisks
  20 yaks
  Eustachio (D:5)
  A steam dragon (D:8)
  Menkaure (D:4)
  9 water moccasins
  3 sky beasts
  3 ice beasts
  An orc warrior (D:8)
  4 ogres
  10 wolves
  A centaur (D:5)
  2 phantoms
  A kobold brigand (D:4)
  A gnoll sergeant (D:5)
  12 bullfrogs
  A wyvern zombie (D:8)
  3 wights (D:7)
  16 killer bees
  An electric eel (Lair:3)
  2 howler monkeys (D:7)
  4 bullfrog zombies
  3 quasits
  6 hounds
  2 jellies
  A centaur skeleton (D:7)
  7 orc priests
  3 iguanas
  7 orc wizards
  7 worker ants
  9 hell rats
  A howler monkey zombie (D:8)
  A howler monkey skeleton (D:6)
  10 gnolls
  4 adders
  A shadow imp (D:7)
  9 white imps
  2 ufetubi
  An ooze (D:2)
  2 adder skeletons
  4 worms
  A dart slug (D:1)
  5 leopard geckos
  27 orcs
  A ball python (D:1)
  5 giant cockroaches
  11 goblins
  5 hobgoblins
  20 jackals
  4 quokkas
  7 bats
  3 frilled lizards
  29 kobolds
  A leopard gecko zombie (D:8)
  13 rats
351 creatures vanquished.

Vanquished Creatures (collateral kills)
  3 death yaks (Lair:2)
  2 elephants (Lair:4)
  A komodo dragon (D:8)
  3 jumping spiders (Lair:2)
  A steam dragon (D:8)
  2 water moccasins (Lair:2)
  A centaur (D:8)
  3 wolves (Lair:3)
  5 hell rats (Lair:4)
  An iguana (Lair:2)
22 creatures vanquished.

Vanquished Creatures (others)
  8 fungi
  29 plants
37 creatures vanquished.

Grand Total: 410 creatures vanquished

Notes
Turn   | Place    | Note
-------+----------+-------------------------------------------
     0 | D:1      | dolemite99 the Demonspawn Gladiator began the quest for the
                  | Orb.
     0 | D:1      | Reached XP level 1. HP: 16/16 MP: 1/1
   452 | D:1      | Gained mutation: You have sharp fingernails. [demonic
                  | ancestry]
   452 | D:1      | Reached XP level 2. HP: 22/22 MP: 2/2
   777 | D:1      | Reached XP level 3. HP: 27/27 MP: 3/3
  2034 | D:2      | Found a sacrificial altar of Ru.
  2074 | D:2      | Became a worshipper of Ru the Awakened
  2124 | D:2      | Found a radiant altar of Vehumet.
  2494 | D:3      | Reached XP level 4. HP: 24/33 MP: 4/4
  2880 | D:3      | Found a bloodstained altar of Trog.
  3740 | D:3      | Reached skill level 5 in Staves
  4255 | D:3      | Gained mutation: When seriously injured, your bleeding
                  | wounds create armour. (AC +9) [demonic ancestry]
  4255 | D:3      | Reached XP level 5. HP: 38/38 MP: 5/5
  4530 | D:3      | Found a burning altar of Makhleb.
  4752 | D:3      | Fell from the grace of Ru
  4752 | D:3      | Became a worshipper of Makhleb the Destroyer
  4971 | D:4      | Gained mutation: Your demonic aura sometimes causes spilled
                  | blood to erupt in flames [demonic ancestry]
  4971 | D:4      | Reached XP level 6. HP: 44/44 MP: 6/6
  5016 | D:4      | Reached * piety under Makhleb
  5096 | D:4      | Noticed Menkaure
  5110 | D:4      | Killed Menkaure
  5532 | D:4      | Reached XP level 7. HP: 22/50 MP: 7/7
  6037 | D:4      | Found a shimmering blue altar of Sif Muna.
  6476 | D:5      | Entered Level 5 of the Dungeon
  6527 | D:5      | Noticed Eustachio
  6535 | D:5      | Killed Eustachio
  6580 | D:5      | Noticed Grinder
  6590 | D:5      | Killed Grinder
  7168 | D:5      | Gained mutation: Your demonic aura often causes spilled
                  | blood to erupt in flames [demonic ancestry]
  7168 | D:5      | Reached XP level 8. HP: 38/56 MP: 8/8
  8142 | D:5      | Found a staircase to the Ecumenical Temple.
  8779 | D:5      | Reached skill level 10 in Staves
  9307 | D:6      | Reached ** piety under Makhleb
  9948 | D:6      | Reached XP level 9. HP: 25/61 MP: 9/9
 11811 | D:7      | Reached skill level 5 in Invocations
 12100 | D:7      | Noticed Harold
 12280 | D:7      | Killed Harold
 12889 | D:7      | Noticed Prince Ribbit
 12895 | D:7      | Killed Prince Ribbit
 12942 | D:7      | Found a sparkling altar of Nemelex Xobeh.
 13100 | D:7      | Reached skill level 10 in Invocations
 13183 | D:7      | Found Fiedilux's Distillery.
 13191 | D:7      | Bought a potion of heal wounds for 55 gold pieces
 13191 | D:7      | Bought a potion of invisibility for 88 gold pieces
 13191 | D:7      | Bought a potion of heal wounds for 55 gold pieces
 13191 | D:7      | Bought a potion of heal wounds for 55 gold pieces
 13394 | D:7      | Noticed Maggie
 13404 | D:7      | Killed Maggie
 13405 | D:7      | Gained mutation: You have very sharp fingernails. [demonic
                  | ancestry]
 13405 | D:7      | Reached XP level 10. HP: 50/67 MP: 17/17
 13733 | D:7      | Reached *** piety under Makhleb
 14166 | D:8      | Reached skill level 3 in Fighting
 14644 | D:8      | Found a transporter.
 14648 | D:8      | Noticed a tengu warrior
 14799 | D:8      | Reached skill level 4 in Fighting
 15278 | D:8      | Reached skill level 5 in Fighting
 15432 | D:8      | Found Neunuaxeli's Armour Shop.
 16015 | D:8      | Reached skill level 6 in Fighting
 16293 | D:8      | Reached skill level 7 in Fighting
 16608 | D:8      | Found a staircase to the Lair.
 16642 | D:8      | Reached skill level 1 in Armour
 16979 | D:8      | Noticed an ogre mage
 17005 | D:8      | Found a shimmering blue altar of Sif Muna.
 17006 | D:8      | Found a transporter.
 17007 | D:8      | Found a hazy altar of Hepliaklqana.
 17600 | D:9      | Reached **** piety under Makhleb
 17673 | D:9      | Noticed a purple ugly thing
 17854 | Lair:1   | Entered Level 1 of the Lair of Beasts
 17870 | Lair:1   | Noticed a cane toad
 17876 | Lair:1   | Killed a cane toad
 18446 | Lair:1   | Noticed a six-headed hydra
 18461 | Lair:1   | Reached skill level 5 in Armour
 18461 | Lair:1   | Gained mutation: You are partially covered in sharp spines.
                  | [demonic ancestry]
 18461 | Lair:1   | Reached XP level 11. HP: 25/84 MP: 18/18
 18470 | Lair:1   | Killed a six-headed hydra
 18832 | Lair:1   | Found an iron altar of Okawaru.
 19070 | Lair:1   | Noticed a six-headed hydra
 19081 | Lair:1   | Killed a six-headed hydra
 19082 | Lair:1   | Reached skill level 8 in Fighting
 19640 | Lair:1   | Noticed a five-headed hydra
 19649 | Lair:1   | Killed a five-headed hydra
 19836 | Lair:1   | Found a runed translucent door.
 19836 | Lair:1   | Noticed a wolf spider
 19840 | Lair:1   | Found the +2 hood of the Assassin {Detection Stab+ Stlth++}
 20448 | Lair:2   | Noticed a swamp dragon
 20468 | Lair:2   | Killed a swamp dragon
 20754 | Lair:2   | Noticed a death yak
 20755 | Lair:2   | Noticed a death yak
 20765 | Lair:2   | Noticed a death yak
 20772 | Lair:2   | Killed a death yak
 20773 | Lair:2   | Reached skill level 9 in Fighting
 20776 | Lair:2   | Killed a death yak
 20780 | Lair:2   | Killed a death yak
 20997 | Lair:2   | Noticed a four-headed hydra
 21013 | Lair:2   | Killed a four-headed hydra
 21525 | Lair:2   | Found a hole to the Spider Nest.
 21526 | Lair:2   | Noticed a wolf spider
 21541 | Lair:2   | Killed a wolf spider
 21545 | Lair:2   | Reached skill level 10 in Fighting
 21547 | Lair:2   | Gained mutation: When seriously injured, your bleeding
                  | wounds create thick armour. (AC +9) [demonic ancestry]
 21547 | Lair:2   | Reached XP level 12. HP: 19/97 MP: 19/19
 22008 | Lair:2   | Found a staircase to the Swamp.
 22047 | Lair:2   | Noticed a seven-headed hydra
 22062 | Lair:2   | Killed a seven-headed hydra
 23668 | Lair:4   | Noticed a seven-headed hydra
 23676 | Lair:4   | Killed a seven-headed hydra
 23677 | Lair:4   | Reached skill level 11 in Fighting
 23678 | Lair:4   | Identified the +5 ring mail "Zuciwkie" {+Inv rPois rF-
                  | Will++}
 23716 | Lair:4   | Noticed a seven-headed hydra
 23724 | Lair:4   | Killed a seven-headed hydra
 24144 | Lair:4   | Reached skill level 10 in Armour
 24836 | Lair:5   | Noticed a boulder beetle
 24882 | Lair:5   | Killed a boulder beetle
 25269 | Lair:5   | Reached skill level 12 in Fighting
 25561 | Lair:5   | Noticed a catoblepas
 25577 | Lair:5   | Killed a catoblepas
 25578 | Lair:5   | Reached skill level 1 in Bows
 25785 | Lair:5   | Found a staircase to the Slime Pits.
 25786 | Lair:5   | Found a viscous altar of Jiyva.
 26014 | Lair:6   | Entered Level 6 of the Lair of Beasts
 26014 | Lair:6   | Noticed a seven-headed hydra
 26021 | Lair:5   | Killed a seven-headed hydra
 26131 | Lair:5   | Gained mutation: You have claws for hands. [demonic
                  | ancestry]
 26131 | Lair:5   | Reached XP level 13. HP: 108/108 MP: 20/20
 26454 | Lair:5   | Slain by a torpor snail

Illustrated notes

Levels and vault maps discovered:
D:1:      dpeg_chamrin_arrival_tetris, layout_basic, serial_curves,
          eino_curves_01, eino_curves_03
D:2:      layout_rooms, lemuel_coloured_pillars_altar, overflow_temple_1_default
D:3:      layout_loops_ring, lightli_temple_of_fire, general_overflow_altar,
          trog_book
D:4:      kennysheep_kobold_camp, layout_cave_pools, serial_bayou,
          serial_bayou_pond_e, serial_bayou_lagoon_a, serial_bayou_pond_c,
          serial_bayou_lagoon_b, grunt_ministairs_5, led_sif_pool, uniq_menkaure
D:5:      layout_basic, minmay_temple_entry_mini_moons, uniq_grinder,
          uniq_eustachio
D:6:      cheibrodos_helix_gallery, layout_loops_ring
D:7:      layout_cave_pods, nemelex_xobeh_ov_fountains_minmay, serial_shops,
          shop_fountains, kennysheep_generic_room_8, uniq_prince_ribbit1,
          uniq_maggie, uniq_harold
D:8:      layout_gridville, gammafunk_temple_overflow_arena, erik_lair_dragon,
          serial_shops, shop_coins, kennysheep_generic_room_6
D:9:      minmay_the_grid_4x2 [minmay_the_grid_diamond_grid,
          minmay_the_grid_slots, minmay_the_grid_outer_circle,
          minmay_the_grid_eight, minmay_the_grid_dragon_a,
          minmay_the_grid_spin_star, minmay_the_grid_tri_star,
          minmay_the_grid_prize_big_room], layout_rooms
Lair:1:   gammafunk_indiana_jones, layout_layer_cave, basic_altar,
          grunt_megastairs_1, infiniplex_staircase_pool_2
Lair:2:   layout_cave_shapes, minmay_swamp_entry_reptiles,
          spider_nest_entry_funnel_web, nicolae_volcano_entry_s_turn,
          cheibrodos_lair_caveside_slide
Lair:3:   layout_hall_layers, fungi_pond_lemuel, bh_autumn_forest_stairs,
          serial_bayou_shore_a
Lair:4:   layout_hall_layers, st_stairs_6
Lair:5:   layout_big_grid, slime_altar_1
Lair:6:   gammafunk_lair_ancient_temple, layout_misc_corridors,
          maelrawn_ghost_gauntlet_escape, serial_bayou_crossing, uniq_snorg

Skill      XL: |  1  2  3  4  5  6  7  8  9 10 11 12 |
---------------+-------------------------------------+-----
Staves         | 3 4 5 6 7 9 11 | 11.0
Invocations    | 10 | 10.6
Fighting       | 7 10 12 | 12.0
Armour         | 5 8 10 | 10.6
Bows           | 2 |  2.3
Dodging        | 3 |  3.7
Throwing       | |  1.7

Action                   |  1- 3 |  4- 6 |  7- 9 | 10-12 | 13-15 || total
-------------------------+-------+-------+-------+-------+-------++-------
Melee: Quarterstaff      |   115 |   209 |   365 |   347 |    13 ||  1049
 Fire: Shortbow          |       |       |       |    16 |       ||    16
Throw: Javelin           |       |       |       |    10 |       ||    10
       Throwing net      |       |       |       |     1 |       ||     1
       Boomerang         |       |       |       |    26 |       ||    26
Invok: Minor Destruction |       |       |    60 |   205 |       ||   265
       Lesser Servant of |       |       |       |    20 |       ||    20
Evoke: Wand              |       |       |       |     2 |       ||     2
  Use: Scroll            |       |     6 |       |    16 |       ||    22
       Potion            |       |     1 |     5 |     5 |       ||    11
Armor: Ring mail         |    66 |    85 |    49 |       |       ||   200
       Leather armour    |     1 |       |       |       |       ||     1
       Scale mail        |       |       |   105 |       |       ||   105
       Chain mail        |       |       |    26 |   249 |       ||   275
       Swamp dragon scal |       |       |       |   156 |       ||   156
       Plate armour      |       |       |       |    16 |    37 ||    53
Dodge: Dodged            |   120 |   133 |   198 |   302 |    29 ||   782

Table legend: (Time is in decaauts)
 A = Elapsed time spent in this place.
 B = Non-inter-level travel time spent in this place.
 C = Inter-level travel time spent in this place.
 D = Time resting spent in this place.
 E = Time spent auto-exploring this place.
 F = Levels seen in this place.
 G = Mean time per level.
                   A        B        C        D        E       F      G
               +--------+--------+--------+--------+--------+-----+--------+
         Total |  26387 |  25839 |    548 |  11857 |  10357 |  15 | 1759.1 |
       Dungeon |  17821 |  17471 |    350 |   8948 |   5840 |   9 | 1980.1 |
          Lair |   8565 |   8367 |    198 |   2909 |   4517 |   6 | 1427.5 |
               +--------+--------+--------+--------+--------+-----+--------+

Top non-repeatable levels by time:
     D:8: 3161 daAuts
     D:4: 2862 daAuts
     D:7: 2747 daAuts
     D:6: 2636 daAuts
  Lair:2: 2330 daAuts
  Lair:1: 2257 daAuts
     D:1: 2195 daAuts
     D:3: 1720 daAuts
     D:5: 1689 daAuts
  Lair:5: 1651 daAuts
  Lair:4: 1213 daAuts
  Lair:3: 1101 daAuts
     D:2: 675 daAuts
     D:9: 132 daAuts
  Lair:6: 12 daAuts
